 Dungeon Crawl Stone Soup version 0.24.0-123-gd5b16e6ec5 (webtiles) character file.

Game seed: 3724250262826689777, levelgen mode: deterministic

554 Chiseanne the Magician (level 7, -22/46 HPs)
             Began as a Demonspawn Wizard on Jan 20, 2020.
             Was an Initiate of Vehumet.
             Annihilated by an ogre
             ... wielding a +0 giant spiked club
              (33 damage)
             ... on level 5 of the Dungeon.
             The game lasted 00:09:41 (5475 turns).

Chiseanne the Magician (Demonspawn Wizard)          Turns: 5475, Time: 00:09:41

Health: -22/46     AC:  8    Str:  7    XL:     7   Next: 8%
Magic:  11/15      EV: 12    Int: 21    God:    Vehumet [......]
Gold:   204        SH:  0    Dex: 12    Spells: 11/17 levels left

rFire    . . .     SeeInvis .   a - +0 mace (venom)
rCold    + . .     Gourm    .   (no shield)
rNeg     . . .     Faith    .   g - +0 robe
rPois    .         Spirit   .   b - +1 hat
rElec    .         Reflect  .   (no cloak)
rCorr    .         Harm     .   t - +0 pair of gloves
MR       .....                  (no boots)
Stlth    ++........             (no amulet)
HPRegen  0.15/turn              (no ring)
MPRegen  0.14/turn              (no ring)

@: very slightly contaminated
A: icy blue scales 3, powered by pain 1
a: Renounce Religion


You were on level 5 of the Dungeon.
You worshipped Vehumet.
Vehumet was noncommittal.
You were not hungry.

You visited 1 branch of the dungeon, and saw 5 of its levels.

You collected 204 gold pieces.

Inventory:

Hand Weapons
 a - a +0 mace of venom (weapon)
 q - a +2 short sword of holy wrath
 A - a +2 mace of protection
Missiles
 c - 79 stones (quivered)
 e - 44 bolts
 j - 109 arrows
 u - 70 sling bullets
Armour
 b - a +1 hat (worn)
 g - a +0 robe (worn)
 m - a cursed +0 robe
 t - a +0 pair of gloves (worn)
Magical Staves
 k - an uncursed staff of air
Wands
 y - a wand of paralysis (9)
Scrolls
 n - a scroll of immolation
 o - 3 scrolls of blinking
 p - a scroll of identify
 v - 2 scrolls of amnesia
 x - 3 scrolls of remove curse
Potions
 f - 6 potions of curing
 h - 5 potions of heal wounds
 i - 2 potions of lignification {unknown}
 l - 2 potions of ambrosia {unknown}
 r - a potion of cancellation {unknown}
 s - a potion of flight {unknown}
 z - a potion of might {unknown}
Comestibles
 d - 11 rations
 w - 5 chunks of flesh


   Skills:
 - Level 1.7 Dodging
 - Level 1.7 Stealth
 * Level 5.7 Spellcasting
 * Level 5.3 Conjurations
   Level 1.0 Summonings
 - Level 0.8 Translocations


You had 11 spell levels left.
You knew the following spells:

 Your Spells              Type           Power        Failure   Level  Hunger
a - Magic Dart            Conj           ####         1%          1    None
b - Blink                 Tloc           N/A          11%         2    None
c - Mephitic Cloud        Conj/Pois/Air  ##......     14%         3    ##.....

Your spell library contained the following spells:

 Spells                   Type           Power        Failure   Level  Hunger
 Call Imp                 Summ           ##......     10%         2    None
 Conjure Flame            Conj/Fire      ###.....     10%         3    ##.....
 Slow                     Hex            #.......     16%         2    None


Dungeon Overview and Level Annotations

Branches:
Dungeon (5/15)
 Temple: D:4-7

Altars:
Cheibriados
Fedhas
Okawaru
Uskayaw
Vehumet
Xom

Annotations:
D:4 Grinder
D:5 Prince Ribbit


Innate Abilities, Weirdness & Mutations

You are completely covered in icy blue scales. (AC +4, rC+)
You sometimes gain a little power by taking damage.


Message History

Press: ? - help, Shift-Dir - straight line, f/p - ogre
Aim: an ogre, wielding a +0 giant spiked club (heavily wounded, poisoned)
You miscast Mephitic Cloud.
You are poisoned.
You feel sick. x2
Unknown command.
The ogre closely misses you.
You feel sick.
You barely miss the ogre.
The ogre is severely wounded.
The ogre hits you with a +0 giant spiked club!!
Ouch! That really hurt!
You focus on the pain.
You feel your power returning.
You feel sick.
The ogre hits you with a +0 giant spiked club!
* * * LOW HITPOINT WARNING * * *
You feel better.
The ogre hits you with a +0 giant spiked club!!
Ouch! That really hurt!
You die...

####..#..........
.....
#................
...#
..#...........####
#..
.............## #.
#...........## #.
....###....>#
#######. ...#
###...# ###...##..
..# #)O.#
##...o..... ##
#[@.#
###....)....#
#...#
#....########
##).## #...## ...
##..## #..## ...
##..## #..# ....
##..## #)## #...
##..## #)# #...#
##.>## #.#
#....###.)## #.##


You could see an ogre.

Vanquished Creatures
  A scorpion (D:4)
  A crimson imp (D:5)
  Ijyb (D:5)
  A centaur skeleton (D:5)
  An orc priest (D:3)
  A bullfrog skeleton (D:4)
  Terence (D:3)
  Natasha (thrice) (D:3)
  3 orc wizards (D:3)
  A worker ant (D:5)
  3 gnolls (D:5)
  2 adders
  2 worms
  5 dart slugs
  6 leopard geckos
  13 orcs
  2 bats (D:2)
  8 giant cockroaches
  A goblin (D:1)
  3 hobgoblins
  11 jackals
  7 kobolds
  2 quokkas
  A ball python (D:3)
  2 frilled lizards (D:1)
  A quokka skeleton (D:4)
  4 rats
87 creatures vanquished.

Notes
Turn   | Place    | Note
-------+----------+-------------------------------------------
     0 | D:1      | Chiseanne the Demonspawn Wizard began the quest for the
                  | Orb.
     0 | D:1      | Reached XP level 1. HP: 13/13 MP: 4/4
   708 | D:1      | Gained mutation: You are partially covered in icy blue
                  | scales. (AC +2) [demonic ancestry]
   708 | D:1      | Reached XP level 2. HP: 15/19 MP: 0/6
  1451 | D:1      | Gained mutation: You are mostly covered in icy blue scales.
                  | (AC +3) [demonic ancestry]
  1451 | D:1      | Reached XP level 3. HP: 20/24 MP: 0/8
  1665 | D:1      | Learned a level 2 spell: Blink
  1669 | D:1      | Learned a level 3 spell: Mephitic Cloud
  1988 | D:2      | Found an iron altar of Okawaru.
  2251 | D:2      | Found a basalt altar of Yredelemnul.
  2253 | D:2      | Found a hide-covered altar of Uskayaw.
  2253 | D:2      | Found an ornate altar of the Wu Jian Council.
  2255 | D:2      | Found a shimmering altar of Xom.
  2255 | D:2      | Found a shimmering altar of Xom.
  2255 | D:2      | Found a blossoming altar of Fedhas.
  2542 | D:3      | Noticed Terence
  2556 | D:3      | Killed Terence
  2556 | D:3      | Reached XP level 4. HP: 25/30 MP: 7/10
  2670 | D:3      | Gained mutation: You are completely covered in icy blue
                  | scales. (AC +4, rC+) [demonic ancestry]
  2670 | D:3      | Reached XP level 5. HP: 34/35 MP: 2/11
  3200 | D:3      | Noticed Natasha
  3206 | D:3      | Killed Natasha
  3360 | D:3      | Found a snail-covered altar of Cheibriados.
  3539 | D:3      | Noticed Natasha
  3550 | D:3      | Killed Natasha
  3550 | D:3      | Gained mutation: You sometimes gain a little power by
                  | taking damage. [demonic ancestry]
  3550 | D:3      | Reached XP level 6. HP: 34/41 MP: 4/13
  3633 | D:3      | Noticed Natasha
  3637 | D:3      | Killed Natasha
  3637 | D:3      | Reached skill level 5 in Spellcasting
  4002 | D:4      | Noticed Grinder
  4376 | D:5      | Entered Level 5 of the Dungeon
  4456 | D:5      | Noticed Prince Ribbit
  4459 | D:5      | Reached skill level 5 in Conjurations
  4905 | D:4      | Found a radiant altar of Vehumet.
  4920 | D:4      | Became a worshipper of Vehumet
  5076 | D:5      | Reached XP level 7. HP: 25/46 MP: 4/15
  5222 | D:5      | Noticed Ijyb
  5242 | D:5      | Paralysed by Ijyb for 6 turns
  5244 | D:5      | Killed Ijyb
  5473 | D:5      | HP: 2/46 [ogre/+0 giant spiked club (12)]
  5475 | D:5      | Annihilated by an ogre

Levels and vault maps discovered:
D:1:      saegor_arrival_simple_b, layout_loops_ring, kennysheep_crisscross
D:2:      layout_loops_cross, overflow_temple_1_default, doesnt_xom_only_xom
D:3:      layout_loops_ring, old_standard_altar, first_ration, uniq_terence,
          uniq_natasha
D:4:      layout_basic, lemuel_round_altar, uniq_grinder
D:5:      layout_layer_cave, marbit_many_paths, overflow_temple_1_default,
          minmay_temple_entry_arrows, dk_yredelemnul_ordeal,
          uniq_prince_ribbit1, uniq_ijyb

Skill      XL: |  1  2  3  4  5  6 |
---------------+-------------------+-----
Conjurations   | 2 3 4 5 |  5.3
Spellcasting   | 4 5 |  5.7
Dodging        | |  1.7
Stealth        | |  1.7
Summonings     | |  1.0
Translocations | |  0.8

Action                   |  1- 3 |  4- 6 |  7- 9 || total
-------------------------+-------+-------+-------++-------
Melee: Mace              |    41 |    69 |    13 ||   123
       Whip              |     2 |       |       ||     2
 Cast: Magic Dart        |    72 |   108 |    24 ||   204
       Mephitic Cloud    |     1 |     6 |     2 ||     9
       Blink             |       |       |     2 ||     2
  Use: Scroll            |     6 |     2 |       ||     8
       Potion            |       |       |     1 ||     1
 Stab: Sleeping          |     3 |     3 |       ||     6
       Confused          |     1 |     1 |     2 ||     4
  Eat: Chunk             |     5 |     5 |     1 ||    11
       Ration            |       |     1 |       ||     1
Armor: Robe              |     9 |    27 |     4 ||    40
Dodge: Dodged            |    34 |    73 |     3 ||   110
